 Dungeon Crawl Stone Soup version 0.28-a0-8-g6e044cfa68 (webtiles) character file.

Game seed: 9796896882209070759

51 gimp the Changer (level 4, -1/35 HPs)
             Began as a Formicid Wanderer on July 24, 2021.
             Killed by nerve-wracking pain
             ... invoked by Jessica
              (14 damage)
             ... on level 2 of the Dungeon.
             The game lasted 00:04:06 (2449 turns).

gimp the Changer (Formicid Wanderer)                Turns: 2449, Time: 00:04:06

Health: -1/35      AC:  5    Str: 18    XL:     4   Next: 7%
Magic:  7/7        EV: 10    Int: 12    God:
Gold:   43         SH:  0    Dex:  9    Spells: 6/7 levels left

rFire   . . .      SeeInvis +   a - +0 spear
rCold   . . .      Faith    .   (no shield)
rNeg    . . .      Spirit   .   d - +0 ring mail
rPois   .          Reflect  .   (helmet unavailable)
rElec   .          Harm     .   (no cloak)
rCorr   .          Rampage  .   (no gloves)
Will    .....                   (no boots)
Stlth   +.........              (no amulet)
HPRegen 0.11/turn               (no ring)
MPRegen 0.10/turn               (no ring)

@: no status effects
A: permanent stasis, dig shafts and tunnels, antennae 3, four strong arms
a: Dig, Shaft Self


You were on level 2 of the Dungeon.
You visited 1 branch of the dungeon, and saw 3 of its levels.

You collected 43 gold pieces.

Inventory:

Hand Weapons
 a - a +0 spear (weapon)
 h - a +0 whip
 k - a +0 mace
Missiles
 j - 16 arrows
Armour
 b - a +0 robe
 d - a +0 ring mail (worn)
 e - a +0 chain mail
Scrolls
 g - a scroll of teleportation {unknown}
 i - a scroll of blinking {unknown}
Potions
 f - a potion of heal wounds {unknown}


   Skills:
 - Level 3.0 Fighting
 * Level 0.1 Maces & Flails
 * Level 1.8 Armour
 - Level 1.2 Stealth
 - Level 1.2 Shields
 - Level 2.1 Spellcasting
 - Level 1.0 Summonings
 - Level 3.2 Transmutations
 - Level 2.0 Ice Magic


You had 6 spell levels left.
You knew the following spells:

 Your Spells              Type           Power      Damage    Failure   Level
a - Freeze                Ice            24%        1d5       21%         1

Your spell library contained the following spells:

 Spells                   Type           Power      Damage    Failure   Level
 Frozen Ramparts          Ice            12%        1d3       52%         3
 Ozocubu's Armour         Ice            6%         N/A       52%         3
 Corpse Rot               Necr/Air       N/A        N/A       56%         2
 Static Discharge         Conj/Air       1%         N/A       56%         2
 Hailstorm                Conj/Ice       3%         3d3       97%         4


Dungeon Overview and Level Annotations

Branches:
Dungeon (3/15)

Altars:

Annotations:
D:2 Jessica


Innate Abilities, Weirdness & Mutations

You cannot be hasted, slowed, berserked, paralysed or teleported.
You can dig through walls and to a lower floor.
You have a pair of large antennae on your head. (SInv)
Your four strong arms can wield two-handed weapons with a shield.


Message History

You hit the rat.
You kill the rat!
You hit Jessica.
Jessica is heavily wounded.
Jessica hits you with a +0 dagger.
Jessica casts a spell.
Jessica blinks!
You take 2 damage, and have 20/35 hp.
You see here a rat corpse.
You extend your mandibles.
You dig through the rock wall.
You dig through the rock wall.
You dig through the rock wall.
You start resting.
Jessica is nearby!
You retract your mandibles.
You completely miss Jessica.
Jessica is lightly wounded.
Jessica hits you with a +0 dagger.
You take 4 damage, and have 17/35 hp.
You are too injured to fight recklessly!
You hit Jessica but do no damage.
Jessica is lightly wounded.
Jessica casts a spell.
Jessica seems to speed up.
You barely miss Jessica.
Jessica is lightly wounded.
Jessica hits you with a +0 dagger.
You take 5 damage, and have 12/35 hp.
You hit Jessica.
Jessica is heavily wounded.
Jessica hits you with a +0 dagger.
* * * LOW HITPOINT WARNING * * *
Jessica gestures at you while chanting. Pain shoots through your body!
* * * LOW HITPOINT WARNING * * *
You take 6 damage, and have 6/35 hp.
You feel better. Jessica casts a spell at you. Pain shoots through your body!
You die...

... ######.....# ...
........^..# ..
...........#
......@....+
...........#
...........####
#.........
#†######## #..#@#
#.#@## #.###
#############.#
..............##
.........#.....###
.........+...).'...
.........#.....###..
###.######.....#


You could see Jessica (fast).

Vanquished Creatures
  4 dart slugs
  An orc (D:2)
  3 bats
  6 endoplasms
  6 goblins
  A hobgoblin (D:1)
  2 jackals (D:1)
  A quokka (D:1)
  3 ball pythons (D:1)
  3 frilled lizards (D:1)
  4 kobolds
  7 rats
41 creatures vanquished.

Notes
Turn   | Place    | Note
-------+----------+-------------------------------------------
     0 | D:1      | gimp the Formicid Wanderer began the quest for the Orb.
     0 | D:1      | gimp set off with the following items: a +0 club, a +0
                  | robe, a potion of curing; and the following spell
                  | memorised: Freeze; and the following spells available to
                  | memorise: Frozen Ramparts, Ozocubu's Armour, Corpse Rot,
                  | Static Discharge, Hailstorm
     0 | D:1      | Reached XP level 1. HP: 13/13 MP: 3/3
    65 | D:1      | You fall into a shaft and drop 1 floor!
   434 | D:2      | Reached skill level 1 in Fighting
   455 | D:1      | Found a faded altar of an unknown god.
   727 | D:1      | Reached XP level 2. HP: 21/21 MP: 5/5
  1322 | D:1      | Reached XP level 3. HP: 26/28 MP: 6/6
  1559 | D:1      | Reached skill level 1 in Armour
  2286 | D:2      | Reached XP level 4. HP: 21/34 MP: 7/7
  2430 | D:2      | Noticed Jessica
  2449 | D:2      | Killed from afar by Jessica

Illustrated notes

Levels and vault maps discovered:
D:1:      roderic_crossed_star, layout_basic, chequers_ecumenical_altar_simple,
          amcnicky_mini_rare_corridor_liquid
D:2:      layout_basic, uniq_jessica
D:3:      layout_basic

Skill      XL: |  1  2  3  4 |
---------------+-------------+-----
Fighting       | 1 2 3 |  3.0
Armour         | 1 |  1.8
Maces & Flails | |  0.1
Stealth        | |  1.2
Shields        | |  1.2
Spellcasting   | |  2.1
Summonings     | |  1.0
Transmutations | |  3.2
Ice Magic      | |  2.0

Action                   |  1- 3 |  4- 6 || total
-------------------------+-------+-------++-------
Melee: Club              |    15 |       ||    15
       Spear             |   137 |    12 ||   149
 Cast: Freeze            |     2 |       ||     2
 Abil: Dig               |     3 |     1 ||     4
       Shaft Self        |     1 |       ||     1
  Use: Potion            |       |     1 ||     1
Armor: Ring mail         |    44 |     2 ||    46
Dodge: Dodged            |    80 |     2 ||    82

Table legend: (Time is in decaauts)
 A = Elapsed time spent in this place.
 B = Non-inter-level travel time spent in this place.
 C = Inter-level travel time spent in this place.
 D = Time resting spent in this place.
 E = Time spent auto-exploring this place.
 F = Levels seen in this place.
 G = Mean time per level.
                   A        B        C        D        E       F      G
               +--------+--------+--------+--------+--------+-----+--------+
         Total |   2471 |   2448 |     23 |    319 |   1663 |   3 |  823.7 |
       Dungeon |   2471 |   2448 |     23 |    319 |   1663 |   3 |  823.7 |
               +--------+--------+--------+--------+--------+-----+--------+

Top non-repeatable levels by time:
     D:1: 1720 daAuts
     D:2: 416 daAuts
     D:3: 333 daAuts
